[Event "3rd VIZAG GM-Open 2022"]
[Site "Visakapatnam"]
[Date "2022.06.17"]
[Round "10.17"]
[White "Bharat Kumar Reddy Poluri"]
[Black "Adireddy Arjun"]
[Result "1-0"]
[ECO "B91"]
[WhiteElo "2224"]
[BlackElo "1898"]
[Annotator "TA"]
[PlyCount "101"]
[EventDate "2022.06.13"]
[EventType "swiss"]
[EventCountry "IND"]
[SourceTitle "playchess.com"]
[Source "ChessBase"]
[SourceQuality "1"]
[TimeControl "5400+30"]

1. e4 {[%emt 0:00:04] Nor,I} c5 2. Nf3 d6 3. d4 cxd4 4. Nxd4 Nf6 5. Nc3 a6 6. g3 e5 7. Nde2 Be7 8. Bg2 O-O 9. a4 b6 10. O-O Bb7 11. h3 Nbd7 12. g4 {[%emt 0:00:31] B91: Sicilian Najdorf: 6 g3.} Nc5 13. Ng3 b5 (13... g6 $11) 14. axb5 $16 {[%emt 0:08:41] White is better.} axb5 15. Rxa8 Qxa8 ({Black should try} 15... Bxa8 16. b4 Ne6) 16. Nf5 Qd8 {[%emt 0:00:00][%cal Rf6e4] [#]} 17. Bg5 $146 {[%emt 0:09:32] White is more active.} (17. Nxb5 $16 Bxe4 18. Bxe4 (18. Nbxd6 Bxg2 19. Kxg2 g6 $16) (18. Nfxd6 Bxg2 19. Kxg2 Qb8 $14) 18... Nfxe4 19. f3) ({Predecessor:} 17. Nxb5 Nfxe4 18. b4 Ne6 19. Re1 Bc6 20. Na7 Nxf2 21. Kxf2 Bh4+ 22. Nxh4 Qxh4+ 23. Kg1 Nd4 24. Be3 f5 25. Bf2 Qf6 26. Bxd4 fxg4 27. Qxg4 exd4 28. Qe6+ {1-0 (28) Kholmov,R (2465)-Kokarev,D Perm 1997 CBM 058 [Nor,I]}) 17... b4 $11 18. Nxe7+ (18. Na2 {seems wilder.} Ncxe4 19. Bxf6 Bxf6 20. Nxb4 d5 21. Bxe4 dxe4 22. c4) 18... Qxe7 19. Nd5 Qe6 ({Better is} 19... Bxd5 $11 20. exd5 b3) 20. Bxf6 $14 Bxd5 21. Bxg7 $1 ({But not} 21. Qxd5 Qxf6 22. Ra1 h6 $11) 21... Kxg7 22. exd5 Qf6 23. Qd2 Qf4 24. Qxf4 exf4 $16 {[%emt 0:00:00][%mdl 4096] Endgame KRB-KRN} 25. b3 Ra8 {[%emt 0:00:00] Prevents Ra1.} 26. Rd1 (26. Re1 $14) 26... Ra2 $11 27. Rd4 Rxc2 28. Rxf4 Nd3 29. Rd4 Rc3 (29... Nxf2 $11 {keeps the balance.} 30. Rxb4 Nd3) 30. Bf1 $16 {[%emt 0:00:35] White now steadily converts the win.} Nc5 ({Black should play} 30... Ne5 31. Rxb4 Nf3+ 32. Kg2 Ne1+ 33. Kh1 Nd3 34. Bxd3 Rxd3) 31. Rxb4 Nxb3 32. Rb6 Nd2 {[%emt 0:00:05] [#] ...Rc1 is the strong threat.} 33. Bg2 $1 (33. Rxd6 $2 Rc1 34. Kg2 Rxf1 $19) 33... Rc1+ 34. Kh2 Nc4 $2 (34... Rd1 35. Rxd6 Nc4) 35. Rc6 $18 h6 (35... f5 $142 36. gxf5 Kf6) 36. Kg3 Kf6 37. Kf4 Ke7 38. Be4 Rc3 39. Bb1 h5 40. Ba2 Rxh3 {[%emt 0:00:27] And now ...Ne5 would win.} 41. Bxc4 hxg4 42. Kxg4 {[%emt 0:00:11] KRB-KR} Rc3 43. f4 {[%emt 0:00:19] Intending Bb5 and mate.} Rc1 44. Kf5 {[%emt 0:00:08] White wants to mate with Be2.} Rc3 45. Be2 Re3 46. Bh5 Rd3 47. Ke4 Rh3 48. Rc7+ Kd8 {[%emt 0:00:08] [#]} 49. Rd7+ $3 Kxd7 (49... Kc8 50. Bg4) 50. Bg4+ f5+ 51. Bxf5+ {[%emt 0:00:05] Weighted Error Value: White=0.21 (precise) /Black=0.73} 1-0

[Event "3rd VIZAG GM-Open 2022"]
[Site "Visakapatnam"]
[Date "2022.06.17"]
[Round "10.18"]
[White "Aditya Varun Gampa"]
[Black "Bommini Mounika Akshaya"]
[Result "0-1"]
[ECO "B90"]
[WhiteElo "1836"]
[BlackElo "2108"]
[Annotator "TA"]
[PlyCount "118"]
[EventDate "2022.06.13"]
[EventType "swiss"]
[EventCountry "IND"]
[SourceTitle "playchess.com"]
[Source "ChessBase"]
[SourceQuality "1"]
[TimeControl "5400+30"]

1. e4 c5 2. Nf3 d6 3. d4 cxd4 4. Nxd4 Nf6 5. Nc3 a6 6. Be3 e5 7. Nf3 Be7 8. Nd2 {[%emt 0:01:00] B90: Sicilian Najdorf: Unusual White 6th moves, 6 Be3 Ng4 and 6 Be3 e5.} Ng4 9. Nc4 {[%emt 0:01:15] [#] Strongly threatening Bb6.} Nxe3 10. Nxe3 {[%emt 0:00:15] The position is equal.} Be6 11. Bc4 O-O 12. a4 Nd7 (12... Bg5 $5 13. Ncd5 Nd7 $11) 13. Ncd5 {[%emt 0:02:00] [#]} Bg5 $146 ({Predecessor:} 13... Rc8 14. Qe2 Nb6 15. Bb3 Bg5 16. Rd1 Bxe3 17. Nxe3 Qd7 18. a5 Na4 19. O-O Nxb2 {0-1 (43) Kalogeris,I (1843)-Neverov,V (2561) Paleochora 2009}) 14. O-O Rc8 {[%emt 0:07:14] White must now prevent ...Bxe3.} 15. b3 g6 16. a5 Nc5 17. Nb6 {[%emt 0:15:58] Pair of Knights!} (17. Qf3 $14) 17... Rc6 18. Qf3 Qf6 (18... Bxe3 $11 19. Qxe3 Bxc4 20. Nxc4 Nxe4) 19. Bd5 (19. Qxf6 $16 Bxf6 20. Bxe6 fxe6 21. f3) 19... Qxf3 $11 20. gxf3 Bxd5 21. Nexd5 Ne6 22. c3 f5 23. b4 ({Better is} 23. Rfe1 $11) 23... Kg7 24. Rad1 Bd8 25. c4 Ng5 26. b5 Nxf3+ 27. Kg2 Nh4+ 28. Kh1 axb5 29. cxb5 Rc2 30. Rc1 {[%emt 0:00:00] White does not recover from this.} (30. Ne3 $15 Ra2 31. Rxd6) 30... Rxc1 $19 31. Rxc1 fxe4 32. Rc2 (32. Kg1 $142) 32... Rf3 33. Nc4 $2 {[%emt 0:00:00] [#]} (33. Ne3 Nf5 34. Nxf5+ gxf5 35. Nc4) 33... Bxa5 $1 34. Nde3 (34. Nce3 Nf5) 34... Be1 35. Kg1 Bb4 36. b6 Kf7 (36... Rf7 $142 {...Nf3+ is the strong threat.} 37. Ra2 Nf3+ 38. Kg2 Ne1+ 39. Kh1 Bc5) 37. Nd5 $2 (37. Rb2 {nothing else works.} Bc5 38. Na5) 37... Bc5 38. Nxe5+ (38. Nce3 $142) 38... Ke6 39. Nxf3 Nxf3+ ({Weaker is} 39... exf3 40. Ne3 $11) 40. Kf1 Kxd5 {[%emt 0:00:03][%mdl 4096] Endgame} 41. Ra2 Bxb6 42. Ra8 Nxh2+ 43. Kg2 Nf3 44. Rb8 Kc6 45. Rc8+ Bc7 46. Rh8 h5 47. Re8 Ne5 48. Kg3 b5 49. Kf4 b4 50. Ra8 b3 51. Ra3 b2 52. Rc3+ Kd5 {[%emt 0:01:25] Black mates.} 53. Rb3 Nd3+ 54. Ke3 Bd8 55. Rb8 Bg5+ 56. f4 Bxf4+ 57. Ke2 h4 58. Rb5+ Kc4 59. Rb8 Nb4 {[%emt 0:00:13] Weighted Error Value: White=0.71/Black=0.21 (precise)} 0-1